 Dungeon Crawl Stone Soup version 0.28.0-53-g5a82cb258f (webtiles) character file.

Game seed: 15335286778456389169

66989 H0rd4k the Stickfighter (level 15, 0/120 HPs)
             Began as a Human Artificer on July 15, 2022.
             Was an Initiate of Gozag.
             Slain by a ghoul (21 damage)
             ... on level 1 of the Swamp on July 18, 2022.
             The game lasted 00:56:33 (33590 turns).

H0rd4k the Stickfighter (Human Artificer)          Turns: 33590, Time: 00:56:33

Health: 0/120      AC: 10    Str: 17    XL:     15   Next: 64%
Magic:  29/29      EV: 15    Int: 18    God:    Gozag
Gold:   2072       SH:  0    Dex: 14    Spells: 20/35 levels left

rFire   + . .      SeeInvis +   v - +7 staff of the Meek {protect, meekguard}
rCold   + . .      Faith    .   (shield currently unavailable)
rNeg    . . .      Spirit   .   L - +3 leather armour {rC+}
rPois   .          Reflect  .   i - +0 helmet {SInv}
rElec   .          Harm     .   J - scarf {repulsion}
rCorr   .          Rampage  .   g - +0 pair of gloves
Will    ++...                   F - +0 pair of boots
Stlth   +++.......              G - amulet of regeneration
HPRegen 1.10/turn               X - ring of flight
MPRegen 0.21/turn               O - ring "Savaf" {rF+ Will+ Int+4}

@: mighty, on berserk cooldown, flying, slowed, repel missiles, very slow
A: no striking features
a: Renounce Religion, Potion Petition, Call Merchant, Bribe Branch


You were on level 1 of the Swamp.
You worshipped Gozag.
Gozag was most pleased with you.
You visited 5 branches of the dungeon, and saw 21 of its levels.
You also visited: Sewer and Bailey.

You collected 6825 gold pieces.
You spent 1546 gold pieces at shops.
You paid 3207 gold pieces to Gozag.

Inventory:

Hand Weapons
 q - the +8 whip "Snakebite" {venom, curare, rPois}
   (You found it on level 1 of the Lair of Beasts)

   It poisons the flesh of those it strikes.
   It occasionally inflicts asphyxiating poison on those it strikes, dealing
   poison damage and causing slowness.
   rPois:     It protects you from poison.
 r - the +7 flail "Xialidagh" {vorpal, rPois rC+ Str-3 Stlth+}
   (You found it on level 3 of the Lair of Beasts)

   It inflicts extra damage upon your enemies.
   Str:       It affects your strength (-3).
   rC:        It protects you from cold.
   rPois:     It protects you from poison.
   Stlth:     It makes you more stealthy.
 v - the +7 staff of the Meek (weapon) {protect, meekguard}
   (You found it on level 3 of the Dungeon)

   It grants its wielder temporary protection when it strikes (+7 to AC).
   It provides extra protection to wielders with little health.
Missiles
 y - 7 curare-tipped darts
 B - 32 poisoned darts (quivered)
 E - 11 atropa-tipped darts
Armour
 c - the +9 ice dragon scales of the Hills {rF- rC++ Regen+ MP-9 Dex+8}
   (You found it in a bailey)

   Dex:       It affects your dexterity (+8).
   rF:        It makes you vulnerable to fire.
   rC:        It greatly protects you from cold.
   MP:        It affects your magic capacity (-9).
   Regen:     It increases your rate of health regeneration.
 g - a +0 pair of gloves (worn)
 i - a +0 helmet of see invisible (worn)
 F - a +0 pair of boots (worn)
 J - a scarf of repulsion (worn)
 L - a +3 leather armour of cold resistance (worn)
Jewellery
 l - a +6 ring of intelligence
 G - an amulet of regeneration (around neck)
 O - the ring "Savaf" (right hand) {rF+ Will+ Int+4}
   (You bought it in a shop on level 8 of the Dungeon)

   [ring of willpower]

   Int:       It affects your intelligence (+4).
   rF:        It protects you from fire.
   Will:      It increases your willpower.
 W - a +4 ring of slaying
 X - a ring of flight (left hand)
Wands
 d - a wand of charming (6)
 o - a wand of flame (5)
 H - a wand of digging (2)
 I - a wand of paralysis (13)
Scrolls
 a - 4 scrolls of fear {unknown}
 b - a scroll of enchant armour {unknown}
 h - 2 scrolls of silence {unknown}
 j - a scroll of magic mapping {unknown}
 m - a scroll of torment {unknown}
 s - 4 scrolls of fog
 w - 3 scrolls of brand weapon
 x - 6 scrolls of enchant weapon
 D - 3 scrolls of immolation
 M - 4 scrolls of amnesia {unknown}
 U - a scroll of blinking {unknown}
Potions
 f - 2 potions of flight {unknown}
 k - 2 potions of resistance
 n - 2 potions of invisibility
 p - 3 potions of brilliance
 u - a potion of heal wounds
 z - 2 potions of haste
 A - 2 potions of magic
 C - 3 potions of lignification
 K - a potion of cancellation {unknown}
 N - 4 potions of ambrosia
 Q - 3 potions of curing
 S - a potion of degeneration {unknown}
 T - a potion of berserk rage
 V - 3 potions of mutation
 Y - a potion of might
Miscellaneous
 e - a piece from Xom's chessboard (15/15)
 Z - a box of beasts (inert)


   Skills:
 + Level 11.7 Fighting
 - Level 2.7 Short Blades
 + Level 15.3 Staves
 + Level 0.7 Throwing
 + Level 5.4 Armour
 + Level 8.8 Dodging
 + Level 4.7 Stealth
 * Level 10.6 Spellcasting
 * Level 6.5 Hexes
 - Level 4.4 Ice Magic
 + Level 5.7 Evocations


You had 20 spell levels left.
You knew the following spells:

 Your Spells              Type           Power      Damage    Failure   Level
a - Ozocubu's Armour      Ice            25%        N/A       4%          3
b - Metabolic Englaciati  Hex/Ice        14%        N/A       26%         5
c - Cause Fear            Hex            16%        N/A       6%          4
d - Tukima's Dance        Hex            33%        N/A       1%          3

Your spell library contained the following spells:

 Spells                   Type           Power      Damage    Failure   Level
 Magic Dart               Conj           36%        1d4       9%          1
 Static Discharge         Conj/Air       9%         N/A       14%         2
 Hailstorm                Conj/Ice       17%        3d6       34%         4
 Ice Form                 Ice/Tmut       17%        N/A       34%         4
 Yara's Violent Unravell  Hex/Tmut       10%        3d6       54%         5
 Airstrike                Air            4%         N/A       65%         4
 Dispel Undead            Necr           9%         3d8       65%         4
 Passage of Golubria      Tloc           9%         N/A       65%         4
 Sticky Flame             Conj/Fire      9%         2d3       65%         4
 Summon Lightning Spire   Summ/Air       9%         N/A       65%         4
 Fireball                 Conj/Fire      4%         3d4       94%         5
 Iskenderun's Battlesphe  Conj           9%         2d6       94%         5
 Lightning Bolt           Conj/Air       4%         1d16      94%         5
 Simulacrum               Ice/Necr       8%         N/A       99%         6
 Conjure Ball Lightning   Conj/Air       4%         3x3d6     100%        6
 Dragon Form              Tmut           4%         N/A       100%        7
 Orb of Destruction       Conj           4%         9d5       100%        7
 Dragon's Call            Summ           4%         N/A       100%        9


Dungeon Overview and Level Annotations

Branches:
Dungeon (11/15)            Temple (1/1) D:5            Lair (6/6) D:10
  Swamp (1/4) Lair:3        Snake (0/4) Lair:3        Slime (0/5) Lair:6
    Orc (2/2) D:10            Elf (0/3) Orc:2         Sewer (visited)
 Bailey (visited)

Altars:
Ashenzari
Cheibriados
Dithmenos
Elyvilon
Gozag
Hepliaklqana
Makhleb
Nemelex Xobeh
Okawaru
Qazlal
Sif Muna
Uskayaw
Vehumet
Wu Jian
Yredelemnul
Zin
Beogh

Shops:
D:2 !   D:8 =   D:10 (:[:   Orc:2 !:!(

Portals:
Trove: D:10 (give 15 scrolls of teleportation)

Annotations:
D:9 exclusion: downstairs
Lair:1 3 runed translucent doors, exclusion: 3 doors, aloneDruid's ghost, journeyman MiBe
Lair:2 exclusion: 2 downstairs
Lair:3 exclusion: downstairs
Lair:4 exclusion: downstairs


Message History

You destroy the ghoul!
Your icy armour cracks and falls away as you move.
You see here 7 gold pieces.
Calm down first, please.
You feel a strong urge to attack something.
You feel your anger nearly subside.
You are no longer berserk.
You are exhausted.
You feel yourself slow down.
You feel very mighty all of a sudden. The ghoul completely misses you.
The ghoul claws you!
You closely miss the ghoul. The ghoul misses you. The ghoul claws you!
You sock the ghoul!
Your weapon exudes an aura of protection.
The ghoul is lightly damaged.
The ghoul claws you but does no damage. The ghoul claws you!!
You sock the ghoul!
The ghoul is lightly damaged.
The ghoul claws you but does no damage. The ghoul barely misses you.
You sock the ghoul!
The ghoul is moderately damaged.
The ghoul claws you but does no damage. The ghoul claws you!
* * * LOW HITPOINT WARNING * * *
You hit the ghoul.
The ghoul is moderately damaged.
Unknown command.
Okay, then.
Unknown command.
The ghoul claws you!!
* * * LOW HITPOINT WARNING * * *
The ghoul claws you but does no damage.
Unknown command.
You feel much better. The ghoul completely misses you. The ghoul claws you.
* * * LOW HITPOINT WARNING * * *
Unknown command.
You open the lid... ...and a larval oxfire beast leaps out!
The box is emptied!
The ghoul claws you!
* * * LOW HITPOINT WARNING * * *
The ghoul claws you!!
You die...
Your body crumbles into a pile of gold.

♣♣....♣♣ ♣♣.≈≈≈♣ ≈.
♣.≈.♣♣♣♣♣♣ ♣ ≈..
♣♣..≈..≈≈≈♣... ≈§≈♣
♣.♣≈≈≈.≈≈≈≈...
♣≈..♣♣♣♣.≈≈≈≈.≈♣.>≈.♣
≈....♣H§.≈..≈...≈≈§.≈
≈.≈≈≈≈≈≈n..♣≈♣.≈.≈≈.≈
.♣≈≈≈≈≈@≈..≈≈≈..♣≈§≈
≈≈♣≈≈≈≈≈.≈≈.≈.♣♣.≈..≈
≈≈.≈≈≈≈..<≈≈≈≈♣ ≈≈≈.≈
≈§.≈≈..≈≈§≈≈≈≈.♣♣..≈.
≈≈≈..≈≈§≈≈≈≈.♣♣♣ ♣.≈.
≈≈♣.♣.≈≈≈≈.♣.♣ ≈≈≈
..≈≈≈.≈♣≈≈≈≈≈♣
≈.♣♣.≈..≈≈.≈.≈ .≈
♣.≈≈♣.≈≈≈.≈≈


You could see a ghoul (ally target) and a friendly larval oxfire beast
(summoned).

Vanquished Creatures
  Kirke (Lair:5)
  A ghoul (Swamp:1)
  A dire elephant (Lair:6)
  Harold (D:9)
  8 hydras
  An ice dragon (Lair:6)
  2 catoblepae
  2 alligators (Swamp:1)
  11 death yaks
  Urug (D:10)
  An orc high priest (Orc:2)
  Sonja (Lair:4)
  Nergalle (D:10)
  2 deep elf pyromancers
  4 lindwurms (Lair:6)
  5 orc sorcerers
  2 manticores (Lair:6)
  14 elephants (Lair:6)
  8 black mambas
  7 torpor snails (Lair:6)
  3 rime drakes (Lair:6)
  9 cane toads
  An unseen horror (D:11)
  10 komodo dragons
  9 hornets
  8 tyrant leeches
  3 trolls
  3 polar bears (Lair:6)
  4 dream sheep
  6 blink frogs
  38 yaks
  2 shadows
  3 wraiths
  2 wyverns
  Grum (D:8)
  2 hogs (Lair:4)
  4 basilisks
  3 nagas (Lair:3)
  2 wargs (Orc:1)
  Menkaure (D:4)
  2 swamp worms
  2 acid dragons (D:11)
  18 water moccasins
  A sky beast (D:5)
  21 orc warriors
  A hornet zombie (D:6)
  5 ogres
  5 black bears
  2 necrophages
  8 wolves
  3 centaurs
  4 kobold brigands
  2 gnoll sergeants
  12 bullfrogs
  2 water moccasin skeletons (D:6)
  14 killer bees
  14 wights
  A howler monkey (D:5)
  A bullfrog zombie (D:6)
  A jelly (D:5)
  4 centaur zombies
  19 orc priests
  A centaur skeleton (D:7)
  A hound (D:4)
  An iguana (D:6)
  32 orc wizards
  A hound skeleton (D:8)
  2 howler monkey zombies
  7 gnolls
  10 adders
  5 river rats (Sewer)
  A shadow imp (D:5)
  A white imp (D:6)
  An ufetubus (D:5)
  2 worms (D:2)
  A dart slug (D:7)
  62 orcs
  7 ball pythons
  5 endoplasms
  6 giant cockroaches
  4 goblins
  2 hobgoblins
  14 jackals
  14 kobolds
  5 quokkas
  7 bats
  13 frilled lizards
  11 rats
546 creatures vanquished.

Vanquished Creatures (collateral kills)
  A yak (D:10)
  3 orc warriors
  2 orc priests
  2 orc wizards
  2 orcs
10 creatures vanquished.

Vanquished Creatures (others)
  An orc knight (Bailey)
  2 komodo dragons (D:10)
  4 dancing weapons
  An orc warrior (Bailey)
  An orc priest (Orc:2)
  78 fungi
  109 plants
196 creatures vanquished.

Grand Total: 752 creatures vanquished

Notes
Turn   | Place    | Note
-------+----------+-------------------------------------------
     0 | D:1      | H0rd4k the Human Artificer began the quest for the Orb.
     0 | D:1      | Reached XP level 1. HP: 15/15 MP: 1/1
   102 | D:1      | Reached XP level 2. HP: 21/21 MP: 2/2
   126 | D:1      | HP: 1/21 [hobgoblin (1)]
   591 | D:1      | Reached XP level 3. HP: 12/26 MP: 3/3
  1405 | D:2      | Found Doytai's Distillery.
  2077 | D:2      | Reached XP level 4. HP: 24/32 MP: 4/4
  2537 | D:3      | Found a shadowy altar of Dithmenos.
  2777 | D:3      | Reached skill level 1 in Short Blades
  3148 | D:3      | Reached XP level 5. HP: 11/37 MP: 5/5
  3514 | D:3      | Found a stormy altar of Qazlal.
  3818 | D:3      | Found the +7 staff of the Meek {protect, meekguard}
  4409 | D:4      | Found a glowing drain.
  4432 | D:4      | Reached XP level 6. HP: 36/44 MP: 6/6
  4441 | Sewer    | Entered a sewer
  4506 | Sewer    | Reached skill level 1 in Staves
  5103 | Sewer    | Reached skill level 2 in Staves
  5236 | Sewer    | Reached XP level 7. HP: 41/51 MP: 7/7
  5739 | D:4      | Noticed Menkaure
  5747 | D:4      | Killed Menkaure
  5748 | D:4      | Reached skill level 3 in Staves
  5929 | D:4      | Noticed a water moccasin
  5938 | D:4      | Killed a water moccasin
  5939 | D:4      | Reached skill level 4 in Staves
  6339 | D:4      | Reached XP level 8. HP: 58/58 MP: 8/8
  6378 | D:5      | Entered Level 5 of the Dungeon
  6388 | D:5      | Reached skill level 5 in Staves
  6723 | D:5      | Found a staircase to the Ecumenical Temple.
  6732 | Temple   | Entered the Ecumenical Temple
  6751 | Temple   | Became a worshipper of Gozag Ym Sagoz the Greedy
  7321 | D:5      | Found a shimmering blue altar of Sif Muna.
  7336 | D:5      | Reached skill level 6 in Staves
  7926 | D:6      | Found a hazy altar of Hepliaklqana.
  7957 | D:6      | Reached skill level 7 in Staves
  7957 | D:6      | Reached XP level 9. HP: 47/65 MP: 9/9
  8608 | D:6      | Reached skill level 5 in Evocations
  8822 | D:6      | Reached skill level 8 in Staves
  9241 | D:6      | Learned a level 3 spell: Ozocubu's Armour
  9527 | D:7      | Reached skill level 1 in Ice Magic
  9864 | D:7      | Found a hide-covered altar of Uskayaw.
  9903 | D:7      | Reached skill level 5 in Fighting
  9903 | D:7      | Reached skill level 1 in Spellcasting
  9908 | D:7      | Found a snail-covered altar of Cheibriados.
 10511 | D:8      | Found a flagged portal.
 10570 | Bailey   | Entered a bailey
 10749 | Bailey   | Reached skill level 9 in Staves
 10761 | Bailey   | Reached XP level 10. HP: 31/74 MP: 12/12
 10764 | Bailey   | Noticed an orc knight
 11087 | Bailey   | Found a large runed translucent door.
 11087 | Bailey   | Found a large runed translucent door.
 11088 | Bailey   | Noticed a deep elf pyromancer
 11191 | Bailey   | Killed a deep elf pyromancer
 11201 | Bailey   | Identified the +9 ice dragon scales of the Hills {rF- rC++
                  | Regen+ MP-9 Dex+8}
 11278 | D:8      | Reached skill level 5 in Dodging
 11450 | D:8      | Noticed Grum
 11478 | D:8      | Killed Grum
 11479 | D:8      | Reached skill level 10 in Staves
 12155 | D:8      | Found Carghoffa's Jewellery Emporium.
 12158 | D:8      | Bought the ring "Savaf" {rF+ Will+ Int+4} for 616 gold
                  | pieces
 12194 | D:8      | Found a burning altar of Makhleb.
 12354 | D:9      | Reached XP level 11. HP: 65/83 MP: 16/16
 12530 | D:9      | Found a sparkling altar of Nemelex Xobeh.
 12980 | D:9      | Found a basalt altar of Yredelemnul.
 12980 | D:9      | Noticed Harold
 12998 | D:9      | Killed Harold
 12999 | D:9      | Reached skill level 11 in Staves
 14139 | D:10     | Entered Level 10 of the Dungeon
 14611 | D:10     | Noticed Nergalle
 14613 | D:10     | Noticed Urug
 14629 | D:10     | Killed Nergalle
 14645 | D:10     | Killed Urug
 14907 | D:10     | Found a staircase to the Orcish Mines.
 15011 | D:10     | Found a staircase to the Lair.
 15027 | D:10     | Reached skill level 5 in Spellcasting
 15093 | D:10     | Noticed a deep elf pyromancer
 15198 | D:10     | Killed a deep elf pyromancer
 15379 | D:10     | Found a portal to a secret trove of treasure.
 15630 | D:10     | Paralysed by a hornet for 2 turns
 16193 | D:11     | Noticed a five-headed hydra
 16203 | D:11     | Killed a five-headed hydra
 16204 | D:11     | Reached skill level 12 in Staves
 16204 | D:11     | Reached XP level 12. HP: 35/91 MP: 20/20
 18162 | Lair:1   | Entered Level 1 of the Lair of Beasts
 18510 | Lair:1   | Found a runed translucent gate.
 18510 | Lair:1   | Found a runed translucent gate.
 18510 | Lair:1   | Noticed a 12-headed hydra
 18511 | Lair:1   | Noticed a nine-headed hydra
 18512 | Lair:1   | Noticed aloneDruid's ghost (journeyman MiBe)
 18516 | Lair:1   | Found a runed translucent gate.
 19178 | Lair:1   | Noticed an eight-headed hydra
 19192 | Lair:1   | Killed an eight-headed hydra
 19283 | Lair:1   | Noticed a seven-headed hydra
 19295 | Lair:1   | Killed a seven-headed hydra
 20432 | Lair:2   | Reached skill level 13 in Staves
 21027 | Lair:2   | Reached XP level 13. HP: 99/99 MP: 23/23
 21149 | Lair:2   | Noticed a catoblepas
 21163 | Lair:2   | Noticed a seven-headed hydra
 21167 | Lair:2   | Killed a catoblepas
 21788 | Lair:2   | Killed a seven-headed hydra
 22798 | Lair:3   | Reached skill level 14 in Staves
 23406 | Lair:3   | Identified the +7 flail "Xialidagh" {vorpal, rPois rC+
                  | Str-3 Stlth+}
 23491 | Lair:3   | Noticed a five-headed hydra
 23507 | Lair:3   | Killed a five-headed hydra
 24021 | Lair:3   | Found a staircase to the Swamp.
 24119 | Lair:3   | Found a staircase to the Snake Pit.
 25377 | D:2      | Bought a potion of haste for 130 gold pieces
 25377 | D:2      | Bought a potion of heal wounds for 65 gold pieces
 25521 | D:5      | Got Sif Muna's Disquisition on Confrontation
 25736 | D:10     | Bought a +0 helmet of see invisible for 195 gold pieces
 25753 | D:10     | Learned a level 5 spell: Metabolic Englaciation
 25871 | Lair:4   | Learned a level 4 spell: Cause Fear
 25902 | Lair:4   | Noticed Sonja
 25985 | Lair:4   | You fall into a shaft and drop 2 floors!
 25985 | Lair:6   | Entered Level 6 of the Lair of Beasts
 26029 | Lair:6   | Reached skill level 1 in Hexes
 26235 | Lair:4   | Killed Sonja
 26236 | Lair:4   | Reached XP level 14. HP: 60/109 MP: 22/26
 26337 | Lair:3   | Reached skill level 5 in Armour
 26381 | Lair:4   | Reached skill level 10 in Fighting
 27100 | Lair:5   | Noticed Kirke
 27338 | Lair:5   | Killed Kirke
 28390 | Lair:6   | Found a staircase to the Slime Pits.
 28459 | Lair:6   | Found a runed translucent door.
 28500 | Lair:6   | Paralysed by a hornet for 2 turns
 28915 | Lair:6   | Paralysed by a hornet for 1 turns
 29376 | Lair:6   | Reached XP level 15. HP: 108/118 MP: 26/28
 29461 | Lair:6   | Reached skill level 5 in Hexes
 29484 | Lair:6   | Reached skill level 15 in Staves
 29579 | Lair:6   | Reached skill level 10 in Spellcasting
 30273 | D:10     | Bought Great Wizards, Vol. VII for 540 gold pieces
 30279 | D:10     | Learned a level 3 spell: Tukima's Dance
 30945 | Orc:1    | Entered Level 1 of the Orcish Mines
 31120 | Orc:2    | Entered Level 2 of the Orcish Mines
 31652 | Orc:1    | You fall into a shaft and drop 1 floor!
 31665 | Orc:2    | Found a staircase to the Elven Halls.
 32249 | Orc:2    | Found Sysaext's Weapon Shoppe.
 32249 | Orc:2    | Found Zoaliat's Book Emporium.
 32272 | Orc:2    | Found Jaik Umi's Distillery.
 32276 | Orc:2    | Found Yddidwoa's Distillery.
 32344 | Orc:2    | Found an iron altar of Okawaru.
 33248 | Lair:1   | Found the +8 whip "Snakebite" {venom, curare, rPois}
 33412 | Swamp:1  | Entered Level 1 of the Swamp
 33494 | Swamp:1  | Noticed a ghoul
 33532 | Swamp:1  | Noticed a ghoul
 33566 | Swamp:1  | Killed a ghoul
 33590 | Swamp:1  | Slain by a ghoul

Illustrated notes

Levels and vault maps discovered:
D:1:      minmay_arrival_solitary_statue, layout_rooms
D:2:      layout_loops_corners, serial_shops, nicolae_diamond_shop,
          minmay_unequal
D:3:      layout_loops_ring, mainiacjoe_overflow_surrounded_room,
          nicolae_dithmenos_shadow_blocks, serial_forest,
          infiniplex_forest_corner_2, infiniplex_forest_straight_3,
          infiniplex_forest_lined_3, infiniplex_forest_straight_3,
          infiniplex_forest_lined_ring, infiniplex_forest_straight_3,
          infiniplex_forest_lined_2, chequers_hall_statues_y,
          pf_guarded_unrand_meek
D:4:      layout_gridville, gup_sewer_entry_glass, uniq_menkaure
D:5:      layout_loops_cross, led_sif_book, minmay_temple_entry_glassed_door,
          kennysheep_diamond
D:6:      layout_cave_pools, amcnicky_altar_gilded
D:7:      layout_basic, kennysheep_slug_shrine, mainiacjoe_overflow_brackets
D:8:      layout_basic, makhleb_blood_cavern_becter, serial_shops,
          kennysheep_mini_moat, enter_bailey_6, uniq_grum
D:9:      layout_layer_cave, mainiacjoe_overflow_paths,
          mainiacjoe_overflow_cross_hatched, uniq_harold
D:10:     layout_basic, due_lair_maze_entry_diamond, orc_0_dummy,
          nicolae_trove_entry_isolated, dk_noncrumbling_3, uniq_urug,
          uniq_nergalle
D:11:     layout_basic, minmay_quadrilaterals
Temple:   dshaligram_water_room_temple
Lair:1:   minmay_guarded_unrand_snakebite, layout_cave_pods,
          gammafunk_ghost_hydra_chop, lemuel_fruit_tree
Lair:2:   layout_chaotic_city, minmay_stone_trees_small,
          hangedman_lair_generics_rect, grunt_megastairs_1
Lair:3:   layout_regular_city, minmay_swamp_entry_worms,
          guppyfry_snake_entry_island, grunt_megastairs_4
Lair:4:   layout_misc_corridors, uniq_sonja
Lair:5:   layout_long_grid, uniq_kirke
Lair:6:   wormcave, layout_regular_city, hangedman_lair_in_review,
          dpeg_slime_entry_corner
Swamp:1:  layout_falls_marsh, hangedman_swamp_pad, uniq_frances
Orc:1:    layout_caves
Orc:2:    st_orc_mages, layout_caves, basic_altar, nicolae_orc_flooded_monolith,
          okawaru_metal_pillars_1_2

Skill      XL: |  1  2  3  4  5  6  7  8  9 10 11 12 13 14 15 |
---------------+----------------------------------------------+-----
Evocations     | 4 5 |  5.7
Short Blades   | 1 2 |  2.7
Dodging        | 2 3 4 5 6 7 8 |  8.8
Fighting       | 2 3 4 5 6 7 8 9 11 | 11.7
Staves         | 2 4 7 9 10 12 13 14 15 | 15.3
Ice Magic      | 2 3 4 |  4.4
Spellcasting   | 1 3 5 6 8 9 10 | 10.6
Armour         | 3 4 5 |  5.4
Stealth        | 2 3 4 |  4.7
Hexes          | 2 4 6 |  6.5
Throwing       | |  0.7

Action                   |  1- 3 |  4- 6 |  7- 9 | 10-12 | 13-15 || total
-------------------------+-------+-------+-------+-------+-------++-------
Melee: Dagger            |   117 |    99 |       |       |       ||   216
       Club              |     1 |       |       |       |       ||     1
       Punch             |     1 |     2 |       |       |       ||     3
       Quarterstaff      |       |   111 |   281 |   739 |  1419 ||  2550
Throw: Dart              |       |       |       |     4 |       ||     4
 Cast: Ozocubu's Armour  |       |       |       |     7 |    75 ||    82
       Tukima's Dance    |       |       |       |       |    20 ||    20
       Metabolic Englaci |       |       |       |       |     1 ||     1
Invok: Call Merchant     |       |       |       |       |     4 ||     4
Evoke: Wand              |     5 |     1 |    12 |    17 |    14 ||    49
       Box of beasts     |       |       |       |       |     1 ||     1
  Use: Scroll            |       |       |       |     7 |    11 ||    18
       Potion            |       |       |       |     1 |     3 ||     4
 Stab: Sleeping          |       |     3 |     1 |     8 |     3 ||    15
       Distracted        |       |       |       |     3 |     8 ||    11
Armor: Leather armour    |    49 |    89 |   114 |   260 |   450 ||   962
Dodge: Dodged            |   108 |   124 |   173 |   404 |   713 ||  1522
       Repelled          |       |       |       |     1 |     8 ||     9
